 Dungeon Crawl Stone Soup version 0.30-a0-867-g305f33218d (webtiles) character file.

Game seed: 1183392106967758522

1255 Rocko1345 the Chopper (level 8, -2/69 HPs)
             Began as a Minotaur Monk on Mar 11, 2023.
             Was an Elder of Fedhas.
             Slain by an ogre
             ... wielding a +0 giant club
              (16 damage)
             ... on level 5 of the Dungeon.
             The game lasted 00:14:20 (4833 turns).

Rocko1345 the Chopper (Minotaur Monk)               Turns: 4833, Time: 00:14:21

Health: -2/69      AC: 13    Str: 21    XL:     8   Next: 26%
Magic:  10/10      EV:  9    Int:  8    God:    Fedhas [****..]
Gold:   235        SH:  4    Dex: 11    Spells: 7/7 levels left

rFire   . . .      SeeInvis .    w - +2 war axe
rCold   . . .      Faith    .    (no shield)
rNeg    . . .      Spirit   .    y - +0 chain mail
rPois   .          Reflect  .    (helmet restricted)
rElec   .          Rampage  .    u - +0 cloak
rCorr   .                        r - +1 pair of gloves
Will    .....                    (no boots) Stlth
                                 (no amulet)
HPRegen 0.31/turn                (no ring)
MPRegen 0.12/turn                (no ring)

@: no status effects
A: horns 2, retaliatory headbutt, large bone plates 1, strong 1, wild magic 1
a: Renounce Religion, Wall of Briars, Grow Ballistomycete, Overgrow


You were on level 5 of the Dungeon.
You worshipped Fedhas.
Fedhas was greatly pleased with you.
You visited 1 branch of the dungeon, and saw 7 of its levels.
You also visited: Sewer.

You collected 235 gold pieces.

Inventory:

Hand Weapons
 a - a +0 hand axe
 f - a +0 dagger of speed
 q - a +2 dagger of holy wrath
 w - a +2 war axe (weapon)
Missiles
 k - 3 javelins (quivered)
 n - a throwing net
 o - 8 poisoned darts
Armour
 b - a +0 robe
 j - a +1 ring mail
 r - a +1 pair of gloves (worn)
 s - a scarf of harm
 u - a +0 cloak (worn)
 y - a +0 chain mail (worn)
Magical Staves
 l - a staff of air
Wands
 x - a wand of light (12)
Scrolls
 d - 2 scrolls of enchant armour
 h - a scroll of teleportation
 p - 2 scrolls of poison
 v - 2 scrolls of identify
Potions
 c - a potion of curing
 e - a potion of lignification {unknown}
 g - a potion of degeneration {unknown}
 i - 2 potions of heal wounds {unknown}
 m - 2 potions of mutation
 t - a potion of cancellation {unknown}
 z - a potion of haste {unknown}
 A - a potion of berserk rage {unknown}


   Skills:
 + Level 5.5 Fighting
 + Level 7.8 Axes
 + Level 0.1 Throwing
 + Level 4.4 Armour
 + Level 5.5 Dodging
 + Level 2.3 Stealth
 * Level 4.0 Invocations


You had 7 spell levels left.
You didn't know any spells.
Your spell library contained the following spells:

 Spells                   Type           Power      Damage    Failure   Level
 Ensorcelled Hibernation  Hex/Ice        0%         N/A       100%        2
 Passwall                 Tmut/Erth      0%         N/A       100%        2
 Swiftness                Air            0%         N/A       100%        3


Dungeon Overview and Level Annotations

Branches:
Dungeon (7/15)             Temple (0/1) D:5           Sewer (visited)

Altars:
Fedhas
Hepliaklqana
Trog
Wu Jian
Zin


Innate Abilities, Weirdness & Mutations

You have a pair of horns on your head.
You reflexively headbutt those who attack you in melee.
You are partially covered in large bone plates. (SH +4)
Your muscles are strong. (Str +4, Int/Dex -1)
Your spells are a little harder to cast, but a little more powerful.


Message History

You climb upwards.
There is a stone staircase leading down here.
An ogre comes into view. It is wielding a +0 giant club.
The ogre shouts!
You hear a shout!
You hear an angry hiss.
An orc comes into view. It is wielding a +0 club.
You hear a shout!
An orc wizard comes into view. It is wielding a +0 dagger.
The orc wizard shouts!
You hear a shout!
An orc comes into view. It is wielding a +0 trident.
The orc shouts!
An orc and an orc priest come into view.
Found a scroll of vulnerability.
Found a staircase to the Ecumenical Temple.
The orc shouts!
The orc priest shouts!
You hear a shout!
The ogre hits you with a +0 giant club.
An orc priest comes into view. It is wielding a +0 club.
The orc priest invokes the aid of Beogh against you.
Beogh smites you!
An iguana comes into view.
The orc wizard casts a spell.
The orc wizard flickers and vanishes!
Deactivating autopickup; reactivate with Ctrl-A.
The ogre attacks as you move away! The ogre hits you with a +0 giant club!
You barely miss the ogre. You headbutt the ogre.
The ogre is lightly wounded.
The ogre hits you with a +0 giant club!!
* * * LOW HITPOINT WARNING * * *
The iguana hisses menacingly.
You completely miss the ogre.
The ogre is lightly wounded.
You slash the iguana!
The iguana bites you but does no damage.
Unknown command.
Okay, then.
It was a potion of mutation.
You feel extremely strange.
Large bone plates grow over parts of your arms.
You feel stronger.
You feel less in control of your magic. The ogre hits you with a +0 giant club!
You die...
Fedhas appreciates your contribution to the ecosystem. #.# ##..... #.# ooo.

..... #.#
.....#.{.##.#.#
#.# #.l.oo.......
#.# #o# ########>#
#.# #........# #.#
####.########
#.####...........
##.oO@.....#######
#.....l...####
###########


You could see an ogre, an iguana and an orc priest.

Vanquished Creatures
  A hornet (D:7)
  An orc warrior (D:7)
  2 black bears
  2 ogres
  A centaur (D:7)
  A scorpion (D:4)
  The ghost of howech the Digger, a weakling GrEE (D:3)
  4 orc priests (D:6)
  2 hounds
  A hell rat (Sewer)
  An orc wizard (D:4)
  2 iguanas (D:6)
  3 adders
  3 gnolls (D:3)
  A shadow imp (D:6)
  A white imp (D:6)
  2 worms (D:3)
  A dart slug (D:4)
  10 orcs
  3 bats
  5 endoplasms
  3 giant cockroaches
  4 goblins
  7 hobgoblins
  3 jackals (D:1)
  8 kobolds
  3 quokkas
  4 ball pythons
  3 frilled lizards (D:1)
  11 rats
94 creatures vanquished.

Vanquished Creatures (others)
  A plant (D:3)
1 creature vanquished.

Grand Total: 95 creatures vanquished

Notes
Turn   | Place    | Note
-------+----------+-------------------------------------------
     0 | D:1      | Rocko1345 the Minotaur Monk began the quest for the Orb.
     0 | D:1      | Reached XP level 1. HP: 19/19 MP: 0/0
    83 | D:1      | Found a faded altar of an unknown god.
   100 | D:1      | Prayed at the altar of an unknown god.
   100 | D:1      | Became a worshipper of Fedhas Madash
   100 | D:1      | Reached * piety under Fedhas
   100 | D:1      | Reached ** piety under Fedhas
   134 | D:1      | Reached XP level 2. HP: 27/27 MP: 1/1
   262 | D:1      | Reached *** piety under Fedhas
   298 | D:1      | Reached skill level 4 in Axes
   641 | D:1      | Reached XP level 3. HP: 33/33 MP: 2/2
   948 | D:2      | Found a hazy altar of Hepliaklqana.
  1570 | D:3      | Reached XP level 4. HP: 17/40 MP: 3/3
  1869 | D:3      | Found a runed translucent door.
  1873 | D:3      | Noticed howech's ghost (weakling GrEE)
  1912 | D:3      | Found an ornate altar of the Wu Jian Council.
  1919 | D:3      | Found a bloodstained altar of Trog.
  1919 | D:3      | Found a glowing silver altar of Zin.
  1934 | D:3      | Reached skill level 1 in Invocations
  2452 | D:3      | Killed howech's ghost
  2453 | D:3      | Reached skill level 1 in Armour
  2453 | D:3      | Reached XP level 5. HP: 31/46 MP: 4/4
  2554 | D:4      | Noticed a black bear
  2561 | D:4      | Killed a black bear
  2562 | D:4      | Reached skill level 5 in Axes
  2564 | D:4      | Reached XP level 6. HP: 48/53 MP: 4/6
  2626 | D:4      | Found a glowing drain.
  2631 | Sewer    | Entered a sewer
  2642 | Sewer    | Reached **** piety under Fedhas
  3288 | D:4      | You fall into a shaft and drop 3 floors!
  3314 | D:7      | Noticed a hornet
  3465 | D:7      | Killed a hornet
  3466 | D:7      | Reached skill level 6 in Axes
  3466 | D:7      | Reached XP level 7. HP: 36/60 MP: 3/8
  3588 | D:7      | HP: 1/60 [orc warrior/+0 morningstar (18)]
  3594 | D:7      | Reached skill level 5 in Dodging
  3758 | D:7      | Reached skill level 5 in Fighting
  3782 | D:7      | Reached skill level 7 in Axes
  3949 | D:6      | Reached XP level 8. HP: 18/68 MP: 9/9
  4800 | D:5      | Entered Level 5 of the Dungeon
  4823 | D:5      | Found a staircase to the Ecumenical Temple.
  4833 | D:5      | Gained mutation: You are partially covered in large bone
                  | plates. (SH +4) [potion of mutation]
  4833 | D:5      | Gained mutation: Your muscles are strong. (Str +4, Int/Dex
                  | -1) [potion of mutation]
  4833 | D:5      | Gained mutation: Your spells are a little harder to cast,
                  | but a little more powerful. [potion of mutation]
  4833 | D:5      | Slain by an ogre

Illustrated notes

Levels and vault maps discovered:
D:1:      lightli_arrival_statuegarden, layout_basic,
          shapermc_ecumenical_altar_venn, minmay_pentomino_p4
D:2:      layout_rooms, basic_altar
D:3:      layout_loops_ring, gammafunk_temple_overflow_forgotten,
          hellmonk_ghost_happy_afterlife
D:4:      layout_basic, gup_sewer_entry_bowl
D:5:      layout_loops_ring, minmay_temple_entry_grid
D:6:      layout_rooms
D:7:      minmay_the_grid_triangle_9x9_rhombus_full
          [minmay_the_grid_triangle_9x9_steps,
          minmay_the_grid_triangle_9x9_negative_grid,
          minmay_the_grid_triangle_9x9_intruding_spiral,
          minmay_the_grid_triangle_9x9_warning,
          minmay_the_grid_triangle_9x9_wacky_v,
          minmay_the_grid_triangle_9x9_flanged_cone,
          minmay_the_grid_triangle_9x9_thin_v,
          minmay_the_grid_triangle_9x9_prize_top_heavy], layout_loops_ring,
          water_boxes_lemuel

Skill      XL: |  1  2  3  4  5  6  7  8 |
---------------+-------------------------+-----
Fighting       | 4 5 |  5.5
Axes           | 4 5 6 7 |  7.8
Dodging        | 4 5 |  5.5
Invocations    | 1 2 3 4 |  4.0
Armour         | 1 2 3 4 |  4.4
Stealth        | 2 |  2.3
Throwing       | |  0.1

Action                     |  1- 3 |  4- 6 |  7- 9 || total
---------------------------+-------+-------+-------++-------
  Melee: Hand axe          |    75 |    31 |       ||   106
         Headbutt          |    12 |    14 |    16 ||    42
         Punch             |     1 |     1 |     3 ||     5
         War axe           |       |    45 |    65 ||   110
  Throw: Javelin           |       |       |     4 ||     4
 Invoke: Grow Ballistomyce |       |     1 |       ||     1
         Wall of Briars    |       |       |     1 ||     1
    Use: Scroll            |     2 |    10 |     1 ||    13
         Potion            |       |       |     7 ||     7
   Stab: Sleeping          |     2 |       |       ||     2
 Armour: Robe              |     7 |       |       ||     7
         Ring mail         |     9 |    38 |       ||    47
         Chain mail        |       |       |    25 ||    25
         Skin              |       |       |     6 ||     6
  Dodge: Dodged            |    63 |    59 |    57 ||   179

Table legend: (Time is in decaauts)
 A = Elapsed time spent in this place.
 B = Non-inter-level travel time spent in this place.
 C = Inter-level travel time spent in this place.
 D = Time resting spent in this place.
 E = Time spent auto-exploring this place.
 F = Levels seen in this place.
 G = Mean time per level.
                   A        B        C        D        E       F      G
               +--------+--------+--------+--------+--------+-----+--------+
         Total |   4895 |   4751 |    144 |   1089 |   2486 |   8 |  611.9 |
       Dungeon |   4694 |   4550 |    144 |   1001 |   2477 |   7 |  670.6 |
         Sewer |    200 |    200 |      0 |     88 |      9 |   1 |  200.0 |
               +--------+--------+--------+--------+--------+-----+--------+

Top non-repeatable levels by time:
     D:3: 1043 daAuts
     D:1: 940 daAuts
     D:6: 911 daAuts
     D:7: 615 daAuts
     D:2: 575 daAuts
     D:4: 574 daAuts
   Sewer: 200 daAuts
     D:5: 32 daAuts
